Map: Dash and Terminal LE (Void)

Players

thedeadone

  • Race: Terran Terran
  • League: Grandmaster

Turdzergler - Winner!

  • Race: Zerg Zerg
  • League: Silver

VOD

Have the link to the VOD?

Description

This Masters player was smurfing in GOLD league...

After finding this out, I trolled the fuck out of him, and actually won the game.... KEK

Time

  • Played on: Aug. 9, 2015, 12:19 a.m.
  • Length: 14:54
Show
View Real Time Build Order
Export as new Build Order

thedeadone Terran 

Build Orders:  

Get SALT Encoding   

  12  0:00  SCV  
  13  0:13  SCV  
  14  0:22  Supply Depot  
  14  0:25  SCV  
  15  0:44  SCV  
  15  0:48  Barracks  
  16  0:51  Refinery  
  16  0:59  Barracks  
  16  1:05  SCV  
  17  1:36  Command Center  
  17  1:46  Orbital Command  
  17  1:51  Marine  
  18  1:55  Marine  
  19  2:09  Marine  
  19  2:12  SCV, Marine  
  22  2:24  SCV  
  23  2:41  Supply Depot  
  23  2:47  Marine x2  
  23  2:48  SCV, Orbital Command  
  25  2:56  Factory  
  25  3:00  SCV  
  26  3:06  Refinery  
  26  3:09  Factory  
  26  3:10  Marine  
  26  3:12  SCV  
  28  3:14  Marine  
  28  3:16  Orbital Command  
  29  3:27  SCV, Supply Depot  
  29  3:30  Marine  
  29  3:31  Marine  
  32  3:42  SCV  
  32  3:43  SCV  
  32  3:47  Factory Tech Lab  
  34  3:53  Marine x2  
  34  3:54  Factory Reactor  
  34  4:07  SCV x2  
  34  4:09  Siege Tank  
  39  4:11  Infernal Pre-Igniter  
  39  4:19  SCV x2  
  41  4:32  Hellion x2  
  31  4:53  Hellion x2  
  35  5:03  Siege Tank  
  38  5:13  Marine x2  
  40  5:14  SCV, Hellion x2  
  40  5:15  SCV  
  40  5:43  SCV x2, Marine x2  
  40  5:46  Hellion x2, Siege Tank  
  51  5:55  SCV  
  52  6:00  SCV  
  53  6:07  SCV  
  54  6:15  Command Center, Engineering Bay  
  54  6:27  Supply Depot  
  54  6:45  SCV x2  
  54  6:46  Hellion x2  
  53  6:48  Siege Tank  
  56  6:58  SCV x2  
  56  6:59  Missile Turret  
  58  7:10  SCV x2  
  54  7:23  SCV x2  
  54  7:26  Armory  
  54  7:29  Armory  
  56  7:36  Orbital Command  
  56  8:00  SCV x2  
  56  8:03  Hellion x2  
  62  8:15  SCV x3  
  62  8:18  Thor  
  71  8:27  SCV x2  
  73  8:54  SCV  
  73  8:55  SCV x2  
  66  9:03  Hellion x2  
  66  9:06  SCV  
  66  9:07  SCV x2  
  73  9:21  Command Center  
  73  9:22  Command Center, Terran Vehicle Weapons Level 1  
  73  9:23  Terran Vehicle And Ship Armor Level 1  
  73  9:24  Hellion x2  
  73  9:30  Supply Depot  
  80  9:32  Supply Depot  
  80  9:34  Missile Turret  
  80  9:37  Missile Turret  
  80  9:38  Missile Turret  
  80  9:39  Thor  
  82  9:59  SCV x3  
  73  10:27  SCV x3  
  74  10:37  Hellion x3  
  76  10:43  Factory  
  76  10:45  Missile Turret  
  76  10:48  Factory, Missile Turret  
  76  10:50  Refinery  
  76  10:51  Refinery  
  76  10:58  Hellion  
  74  11:40  Thor  
  74  11:41  Hellion x2  
  60  12:13  Missile Turret  
  46  12:17  Factory Tech Lab  
  39  12:23  Thor  
  44  12:39  Hellion  
  44  12:42  Thor  
  42  12:44  Hellion  
  31  13:05  Thor  
  35  13:14  Hellion x2  
  30  13:44  Orbital Command  
Show
View Real Time Build Order
Export as new Build Order

Turdzergler Zerg - Winner!

Build Orders: Pool First, Muta Ling Bane 

Get SALT Encoding   

  12  0:03  Drone  
  13  0:17  Overlord  
  13  0:18  Drone  
  14  0:36  Drone  
  14  0:37  Drone  
  16  0:48  Spawning Pool  
  15  0:52  Extractor  
  15  0:56  Overlord  
  14  0:57  Drone  
  15  1:22  Drone  
  15  1:24  Hatchery  
  15  1:34  Drone x3  
  18  2:06  Drone x2, Queen  
  18  2:07  Zergling x2  
  23  2:16  Metabolic Boost  
  23  2:17  Zergling x2  
  24  2:31  Zergling x2  
  24  2:36  Queen  
  27  2:37  Drone  
  27  2:40  Zergling x2  
  29  2:44  Queen  
  29  2:48  Zergling x2  
  32  2:57  Drone x2  
  34  2:59  Drone  
  35  3:08  Drone  
  36  3:17  Baneling Nest, Drone  
  36  3:18  Overlord  
  36  3:23  Evolution Chamber  
  36  3:25  Evolution Chamber  
  36  3:26  Zergling x2  
  36  3:27  Zergling x2  
  36  3:35  Overlord x2  
  36  3:39  Zergling x2  
  36  3:40  Zergling x2  
  37  3:42  Zergling x2  
  39  3:48  Zergling x4  
  39  3:49  Zergling x2  
  41  3:58  Drone x3  
  41  4:02  Zergling x2  
  43  4:05  Baneling x4  
  43  4:07  Drone  
  44  4:15  Zerg Ground Armor Level 1  
  40  4:33  Zergling x8  
  40  4:35  Zergling x4  
  43  4:48  Zergling x6  
  44  4:53  Zergling x8  
  44  4:54  Drone x2  
  50  5:00  Zerg Melee Weapons Level 1  
  50  5:03  Zergling x2  
  50  5:04  Zergling x2  
  51  5:10  Drone  
  52  5:27  Zergling x6  
  52  5:29  Zergling x6  
  52  5:32  Zergling x6  
  52  5:33  Zergling x4  
  53  5:36  Zergling x2  
  53  5:42  Drone  
  54  5:52  Overlord  
  54  5:55  Extractor x2  
  52  5:59  Lair  
  52  6:03  Hatchery  
  51  6:06  Baneling x5  
  51  6:08  Overlord x2  
  51  6:13  Extractor  
  49  6:20  Drone  
  49  6:21  Drone x2  
  48  6:50  Queen  
  50  6:58  Drone  
  50  6:59  Drone x12  
  62  7:12  Zergling x4  
  60  7:21  Drone x3  
  57  7:31  Drone x4  
  57  7:32  Spire  
  60  7:37  Queen  
  60  7:38  Drone x4  
  60  7:39  Drone x2  
  68  7:52  Zerg Ground Armor Level 2  
  68  7:58  Drone  
  69  7:59  Drone x4  
  69  8:00  Overlord  
  73  8:23  Spine Crawler  
  73  8:25  Spine Crawler  
  71  8:27  Pneumatized Carapace  
  71  8:33  Extractor  
  69  8:35  Extractor  
  69  8:40  Zergling x8  
  69  8:41  Zergling x2  
  69  8:45  Zergling x12  
  69  8:46  Mutalisk x3  
  72  8:49  Drone, Zergling x2  
  72  8:50  Overlord x4  
  72  8:53  Zergling x4  
  72  8:55  Zergling x2  
  73  8:59  Drone  
  73  9:00  Drone  
  67  9:06  Mutalisk x2  
  71  9:21  Centrifical Hooks  
  71  9:22  Mutalisk x3  
  77  9:26  Mutalisk  
  77  9:29  Drone x2  
  81  9:34  Mutalisk  
  81  9:36  Overlord x2  
  83  9:41  Zergling x4  
  85  9:47  Baneling x6  
  85  9:48  Baneling  
  84  9:53  Mutalisk  
  84  9:58  Mutalisk  
  85  10:06  Mutalisk  
  85  10:11  Mutalisk  
  85  10:13  Drone, Zergling x4  
  85  10:14  Zergling x2  
  81  10:21  Zergling x6  
  80  10:23  Drone  
  80  10:25  Mutalisk  
  83  10:32  Mutalisk  
  80  10:42  Mutalisk x2  
  79  10:47  Zergling x6  
  79  10:48  Zergling x2  
  87  10:57  Mutalisk  
  87  10:58  Mutalisk  
  87  11:02  Mutalisk  
  87  11:03  Zergling x2  
  94  11:09  Mutalisk  
  96  11:17  Mutalisk  
  98  11:20  Overlord x3  
  98  11:21  Drone  
  98  11:24  Baneling  
  98  11:25  Baneling x3  
  96  11:37  Mutalisk x2  
  98  11:41  Drone x2  
  98  11:42  Drone x3  
  102  11:48  Mutalisk  
  102  11:49  Mutalisk  
  106  11:55  Mutalisk  
  106  12:01  Mutalisk, Drone  
  96  12:03  Zergling x4  
  97  12:08  Zergling x4  
  97  12:11  Mutalisk  
  101  12:15  Drone  
  101  12:16  Drone  
  101  12:20  Mutalisk  
  105  12:23  Zergling x4  
  105  12:24  Zergling x2  
  105  12:27  Zergling x6  
  111  12:37  Mutalisk x3  
  116  12:50  Mutalisk x2  
  116  12:51  Drone  
  116  12:57  Zergling x6  
  106  13:07  Mutalisk x2  
  106  13:11  Zergling x2  
  109  13:19  Zergling x6  
  109  13:29  Zergling x4  
  109  13:32  Mutalisk  
  109  13:47  Zergling x2  
  109  13:48  Mutalisk, Zergling x2  
  105  14:00  Mutalisk x2, Extractor  
  105  14:01  Mutalisk x3  
  105  14:02  Hatchery  
  111  14:03  Zergling x2  
  111  14:06  Extractor  
  102  14:10  Zergling x8  
  102  14:13  Zergling x8  
  102  14:14  Zergling x8  
  102  14:16  Drone  
  111  14:22  Zergling x4  
  117  14:41  Drone  
Tags
 
Add a new tag
Caveats
  • Supply blocks, unpowered buildings, or Contaminate may cause inaccurate times.
  • Supply counts are checked every 10 seconds.